Map: Acropolis LE

Players

ButAlwayssss

  • Race: Protoss Protoss
  • League: Master
  • Spawn Location: 5:00

Reynor - Winner!

  • Race: Zerg Zerg
  • League: Master
  • Spawn Location: 11:00

Event: NationWars 2019

VOD

Have the link to the VOD?

Description

Time

  • Played on: Nov. 15, 2019, 11:41 a.m.
  • Length: 25:15
Show
View Real Time Build Order
Export as new Build Order

ButAlwayssss Protoss 

Build Orders: 1 Gate Expand, Carriers, Carrier Rush 

Get SALT Encoding   

  12  0:00  Probe  
  13  0:13  Probe  
  14  0:20  Pylon  
  14  0:25  Probe  
  15  0:38  Probe (Chrono Boost)  
  15  0:42  Gateway  
  16  0:48  Probe (Chrono Boost)  
  16  0:49  Assimilator  
  17  0:53  Probe (Chrono Boost)  
  18  1:05  Probe  
  19  1:22  Nexus  
  19  1:35  Cybernetics Core  
  19  1:36  Probe (Chrono Boost)  
  20  1:41  Assimilator  
  20  1:48  Probe (Chrono Boost)  
  20  1:50  Pylon  
  21  1:55  Probe (Chrono Boost)  
  22  2:02  Probe  
  23  2:11  Adept (Chrono Boost)  
  23  2:12  Stargate  
  25  2:16  Probe  
  25  2:22  Warp Gate  
  26  2:28  Probe  
  27  2:34  Probe  
  27  2:35  Adept  
  30  2:40  Probe  
  31  2:46  Probe  
  32  2:52  Probe  
  32  2:53  Void Ray (Chrono Boost)  
  37  2:58  Probe  
  37  3:05  Probe (Chrono Boost)  
  39  3:10  Probe (Chrono Boost)  
  40  3:17  Pylon  
  41  3:22  Probe x2 (Chrono Boost)  
  41  3:24  Gateway  
  41  3:27  Probe (Chrono Boost)  
  42  3:29  Probe (Chrono Boost)  
  42  3:30  Assimilator  
  42  3:33  Assimilator  
  44  3:37  Probe  
  44  3:41  Probe  
  46  3:49  Fleet Beacon, Probe  
  46  3:53  Probe  
  48  4:00  Stargate  
  48  4:01  Probe  
  49  4:05  Probe  
  50  4:11  Pylon  
  50  4:13  Probe  
  51  4:17  Probe  
  51  4:18  Pylon  
  52  4:24  Protoss Air Weapons Level 1  
  52  4:26  Probe  
  52  4:29  Probe  
  54  4:36  Zealot x2  
  64  4:39  Carrier (Chrono Boost)  
  64  4:42  Pylon  
  64  4:49  Carrier (Chrono Boost)  
  70  5:04  Shield Battery  
  70  5:10  Nexus  
  70  5:16  Zealot x2  
  74  5:22  Pylon  
  74  5:38  Pylon  
  74  5:41  Forge  
  80  5:45  Carrier (Chrono Boost)  
  80  5:48  Carrier (Chrono Boost)  
  86  5:56  Probe x2  
  88  5:59  Adept  
  88  6:02  Shield Battery  
  90  6:07  Pylon  
  90  6:08  Probe x2  
  92  6:15  Photon Cannon  
  92  6:20  Probe x2  
  92  6:23  Stargate, Probe  
  94  6:27  Zealot  
  96  6:34  Probe  
  96  6:36  Zealot  
  96  6:37  Probe  
  100  6:46  Probe  
  107  6:49  Probe x2  
  107  6:50  Carrier (Chrono Boost)  
  109  6:55  Pylon  
  110  7:01  Probe  
  110  7:02  Probe  
  110  7:07  Carrier (Chrono Boost)  
  111  7:14  Pylon  
  117  7:17  Assimilator  
  117  7:18  Assimilator  
  115  7:33  Probe  
  115  7:35  Probe  
  115  7:37  Carrier (Chrono Boost)  
  113  7:38  Zealot  
  115  7:48  Void Ray (Chrono Boost)  
  115  7:50  Protoss Air Weapons Level 2 (Chrono Boost)  
  113  7:57  Probe  
  114  8:11  Void Ray (Chrono Boost), Zealot  
  114  8:12  Zealot  
  118  8:17  Photon Cannon  
  118  8:18  Shield Battery  
  118  8:20  Pylon  
  118  8:21  Protoss Shields Level 1  
  118  8:27  Void Ray (Chrono Boost)  
  122  8:35  Pylon  
  126  8:44  Stalker x2  
  130  8:59  Void Ray (Chrono Boost)  
  134  9:10  Pylon  
  134  9:12  Void Ray (Chrono Boost)  
  134  9:21  Nexus  
  128  9:24  Zealot x2  
  132  9:31  Probe x2  
  133  9:39  Void Ray (Chrono Boost)  
  133  9:43  Probe x2  
  139  9:49  Sentry  
  127  10:04  Void Ray (Chrono Boost)  
  127  10:05  Zealot  
  127  10:06  Probe  
  115  10:09  Probe  
  118  10:18  Probe  
  119  10:21  Probe  
  119  10:28  Zealot x2  
  112  10:41  Carrier (Chrono Boost)  
  118  10:55  Sentry  
  120  11:02  Protoss Air Weapons Level 3 (Chrono Boost)  
  125  11:17  Carrier (Chrono Boost)  
  131  11:31  Zealot  
  126  11:34  Carrier (Chrono Boost)  
  126  11:36  Stargate  
  131  11:40  Probe x2  
  131  11:45  Protoss Ground Weapons Level 1  
  133  11:48  Robotics Facility  
  133  12:04  Nexus  
  133  12:11  Carrier (Chrono Boost)  
  138  12:16  Zealot  
  138  12:18  Probe x2  
  138  12:19  Probe  
  138  12:21  Carrier  
  149  12:32  Observer  
  151  12:37  Carrier  
  151  12:44  Pylon  
  156  12:49  Pylon, Photon Cannon  
  156  12:51  Observer  
  157  13:06  Probe  
  157  13:07  Probe  
  157  13:09  Pylon  
  159  13:17  Carrier  
  165  13:21  Observer, Protoss Air Armor Level 1 (Chrono Boost)  
  166  13:32  Carrier  
  172  13:48  Carrier  
  177  14:13  Observer  
  178  14:21  Nexus  
  178  14:29  Twilight Council  
  178  14:30  Zealot  
  180  14:37  Carrier  
  176  14:50  Pylon  
  176  15:04  Nexus, Observer (Chrono Boost)  
  177  15:08  Carrier  
  177  15:12  Photon Cannon  
  183  15:17  Observer (Chrono Boost)  
  183  15:19  Probe  
  183  15:21  Templar Archives  
  185  15:27  Probe  
  186  15:30  Zealot  
  188  15:49  Psionic Storm  
  188  15:52  Pylon  
  188  15:55  Protoss Air Armor Level 2 (Chrono Boost), Pylon  
  188  15:56  Pylon  
  173  15:58  Pylon x2, Observer  
  173  16:03  High Templar x2  
  172  16:08  Carrier (Chrono Boost)  
  176  16:19  Carrier (Chrono Boost)  
  182  16:40  Nexus  
  182  16:42  High Templar x2  
  186  16:50  Observer  
  187  16:54  Protoss Shields Level 2 (Chrono Boost)  
  187  16:59  Pylon  
  187  17:06  Observer x2  
  187  17:15  Observer  
  187  17:16  Nexus  
  187  17:23  High Templar  
  189  17:34  Pylon  
  189  17:35  Carrier  
  195  18:04  Observer  
  194  18:07  Carrier  
  200  18:13  Photon Cannon, Shield Battery  
  200  18:14  Photon Cannon  
  200  18:15  Assimilator  
  199  18:34  Archon  
  199  18:35  Assimilator  
  172  18:54  Zealot x2  
  148  19:57  Archon  
  86  20:16  High Templar x2  
  76  20:36  Void Ray (Chrono Boost)  
  76  20:37  Void Ray (Chrono Boost)  
  84  20:52  High Templar x2  
  88  21:00  Void Ray (Chrono Boost)  
  93  21:14  Void Ray (Chrono Boost)  
  96  21:22  Photon Cannon  
  96  21:35  Observer  
  90  21:45  High Templar  
  90  21:48  Observer  
  90  21:57  Nexus  
  90  22:02  Carrier (Chrono Boost)  
  96  22:09  Observer  
  92  22:20  Observer  
  92  22:22  Observer  
  92  22:23  Zealot  
  92  22:24  Zealot  
  96  22:33  Carrier (Chrono Boost)  
  102  22:41  Pylon  
  102  22:46  Observer  
  102  22:51  Zealot  
  104  23:02  Photon Cannon  
  104  23:05  Observer  
  104  23:06  Assimilator  
  104  23:08  Photon Cannon  
  104  23:12  Assimilator  
  103  23:13  Shield Battery  
  103  23:18  Probe  
  103  23:19  Carrier (Chrono Boost), Probe  
  111  23:43  Carrier (Chrono Boost)  
  117  23:49  Probe (Chrono Boost)  
  117  23:50  Probe x2 (Chrono Boost)  
  117  23:51  Probe (Chrono Boost)  
  117  23:52  Probe (Chrono Boost)  
  122  23:59  Observer  
  122  24:10  Zealot x2  
  124  24:30  Cybernetics Core  
  122  24:32  High Templar x2  
  122  24:37  Archon  
  132  24:51  Nexus  
Show
View Real Time Build Order
Export as new Build Order

Reynor Zerg - Winner!

Build Orders: Pool First 

Get SALT Encoding   

  12  0:01  Drone  
  13  0:12  Overlord  
  13  0:17  Drone  
  14  0:31  Drone x2  
  14  0:35  Drone  
  17  0:45  Drone, Extractor  
  17  0:50  Spawning Pool  
  17  0:56  Drone  
  17  1:07  Drone  
  18  1:16  Hatchery  
  17  1:20  Drone  
  18  1:37  Zergling x2, Queen  
  21  1:40  Overlord  
  21  1:50  Drone  
  23  2:01  Drone  
  23  2:06  Metabolic Boost  
  23  2:13  Drone, Queen  
  27  2:22  Zergling x2  
  27  2:29  Zergling x2  
  28  2:33  Drone  
  29  2:40  Hatchery  
  29  2:41  Zergling x2  
  29  2:46  Zergling x2, Pneumatized Carapace  
  29  2:50  Drone  
  31  2:53  Zergling x2  
  31  2:55  Drone  
  31  2:57  Drone  
  33  3:03  Overlord  
  33  3:06  Drone  
  33  3:12  Zergling x4  
  36  3:17  Overlord  
  36  3:23  Drone x3  
  36  3:25  Drone  
  40  3:30  Queen  
  42  3:34  Overlord  
  42  3:40  Overlord  
  42  3:42  Drone  
  42  3:44  Drone  
  44  3:54  Spore Crawler, Drone x4  
  47  3:58  Queen  
  47  4:01  Drone  
  50  4:03  Drone  
  50  4:04  Drone  
  50  4:06  Drone  
  53  4:10  Spore Crawler  
  52  4:18  Queen  
  52  4:20  Overlord  
  52  4:22  Spore Crawler  
  52  4:23  Drone  
  52  4:24  Drone  
  55  4:26  Drone  
  56  4:33  Overlord  
  56  4:34  Drone x2  
  58  4:39  Drone x3  
  58  4:40  Drone  
  58  4:45  Roach Warren, Drone  
  62  4:47  Drone x2  
  63  4:53  Drone x3, Extractor  
  63  4:56  Queen  
  67  5:01  Overlord  
  67  5:02  Drone x2  
  67  5:04  Drone  
  70  5:08  Lair  
  70  5:11  Extractor  
  70  5:13  Drone x3, Evolution Chamber  
  71  5:15  Drone  
  71  5:18  Queen  
  74  5:22  Drone x3  
  74  5:25  Overlord  
  74  5:28  Zergling x6  
  79  5:29  Zergling x2  
  79  5:30  Zergling x2  
  79  5:35  Overlord  
  82  5:38  Spore Crawler  
  82  5:41  Zerg Missile Weapons Level 1  
  81  5:45  Zergling x2  
  81  5:46  Overlord  
  82  5:52  Spore Crawler  
  82  5:53  Drone x2, Queen  
  82  5:55  Drone x5  
  82  5:56  Spore Crawler  
  89  6:02  Queen  
  89  6:04  Drone  
  89  6:05  Drone  
  89  6:08  Spire  
  89  6:09  Extractor  
  89  6:10  Extractor  
  88  6:11  Extractor  
  88  6:12  Drone x4  
  88  6:13  Drone  
  88  6:16  Drone x3  
  95  6:20  Queen  
  95  6:23  Overlord  
  95  6:25  Drone  
  98  6:29  Overlord  
  98  6:32  Extractor  
  97  6:33  Overlord  
  89  6:40  Extractor  
  89  6:45  Zergling x20  
  98  6:48  Drone  
  98  6:49  Extractor  
  98  6:50  Hatchery  
  97  6:55  Queen  
  100  7:08  Queen  
  100  7:10  Overlord  
  100  7:13  Hatchery  
  101  7:16  Zergling x2  
  101  7:17  Zergling x14  
  109  7:27  Corruptor  
  109  7:28  Corruptor x6  
  120  7:32  Corruptor  
  120  7:35  Corruptor  
  119  7:38  Overlord  
  117  7:50  Corruptor x3  
  118  7:56  Corruptor x2  
  120  8:02  Corruptor  
  122  8:07  Drone  
  122  8:08  Drone x7  
  129  8:15  Overlord  
  129  8:17  Zerg Flyer Armor Level 1  
  129  8:29  Corruptor x2  
  129  8:30  Corruptor  
  135  8:36  Corruptor  
  137  8:41  Hatchery  
  137  8:44  Corruptor x2  
  134  8:57  Corruptor x2  
  134  8:59  Queen  
  134  9:00  Extractor  
  134  9:01  Queen x2  
  134  9:02  Corruptor, Extractor  
  142  9:13  Corruptor  
  142  9:16  Overlord x2  
  142  9:18  Overlord  
  142  9:23  Spore Crawler  
  139  9:25  Corruptor x2  
  142  9:33  Corruptor x2  
  142  9:36  Drone x2  
  142  9:37  Drone  
  149  9:39  Spore Crawler, Queen  
  149  9:45  Corruptor x2  
  150  9:50  Overlord  
  150  9:51  Corruptor  
  145  10:01  Corruptor x3  
  145  10:03  Zergling x10  
  145  10:04  Zergling x8  
  154  10:10  Corruptor x2  
  156  10:16  Corruptor  
  156  10:17  Drone  
  156  10:18  Drone x3  
  162  10:23  Corruptor  
  162  10:27  Extractor  
  162  10:29  Corruptor x2  
  162  10:32  Extractor  
  156  10:36  Drone  
  156  10:37  Infestation Pit  
  156  10:40  Drone  
  156  10:41  Drone x6  
  161  10:45  Zerg Flyer Weapons Level 1  
  161  10:49  Drone x6  
  167  10:59  Spore Crawler  
  167  11:00  Spore Crawler  
  165  11:06  Overlord  
  164  11:14  Drone  
  164  11:15  Infestor  
  164  11:16  Infestor x5  
  177  11:24  Hive  
  177  11:33  Zergling x22  
  177  11:34  Overlord  
  177  11:36  Overlord  
  182  11:40  Zergling x10  
  182  11:45  Zerg Ground Armor Level 1  
  186  11:47  Evolution Chamber  
  186  11:50  Hatchery  
  184  12:00  Infestor x5  
  194  12:02  Pathogen Glands  
  194  12:05  Spore Crawler x3  
  194  12:06  Drone x2  
  193  12:08  Spore Crawler  
  193  12:09  Drone  
  193  12:11  Spore Crawler  
  190  12:38  Viper x3  
  190  12:42  Zerg Missile Weapons Level 2  
  199  12:47  Adrenal Glands, Burrow  
  199  12:51  Spore Crawler x2  
  198  12:52  Spore Crawler, Drone x2  
  198  12:53  Drone  
  198  12:59  Neural Parasite  
  198  13:03  Drone  
  199  13:05  Spore Crawler  
  199  13:06  Spore Crawler x2, Drone x2  
  199  13:09  Zerg Flyer Weapons Level 2  
  199  13:10  Drone  
  199  13:11  Spire  
  198  13:13  Overseer x2  
  198  13:26  Extractor  
  197  13:27  Extractor  
  196  13:37  Drone x3  
  199  13:49  Zerg Melee Weapons Level 1  
  199  13:54  Spine Crawler  
  199  13:55  Spine Crawler  
  194  13:57  Corruptor x6  
  196  14:09  Spine Crawler  
  195  14:10  Spine Crawler, Drone  
  195  14:11  Spine Crawler  
  195  14:16  Queen  
  193  14:28  Viper x2  
  191  14:47  Infestor x3  
  191  14:48  Infestor x4  
  199  14:58  Zerg Ground Armor Level 2  
  175  15:00  Corruptor x8  
  175  15:01  Corruptor x3  
  175  15:02  Zergling x2  
  175  15:03  Zergling x22  
  199  15:20  Extractor  
  198  15:21  Infestor  
  198  15:32  Corruptor  
  200  15:53  Zergling x6  
  200  15:54  Spore Crawler, Zergling x4  
  200  15:55  Spore Crawler, Zergling x2  
  200  15:57  Spore Crawler x2  
  196  15:58  Spore Crawler x2  
  196  16:00  Spore Crawler  
  196  16:03  Spore Crawler  
  190  16:04  Infestor x5  
  190  16:08  Zerg Flyer Armor Level 2, Zerg Flyer Weapons Level 3  
  190  16:09  Spore Crawler x4  
  196  16:13  Spore Crawler x2  
  196  16:14  Spore Crawler  
  193  16:21  Corruptor x3  
  199  16:32  Zerg Missile Weapons Level 3  
  199  16:37  Spore Crawler x2  
  199  16:47  Drone x3  
  199  16:52  Overseer, Infestor  
  192  17:09  Infestor x3  
  198  17:19  Spore Crawler x3  
  195  17:29  Spore Crawler, Drone x2  
  196  17:30  Spore Crawler  
  195  17:47  Zergling x2  
  195  17:48  Zergling x6  
  190  18:06  Infestor x6  
  163  18:41  Corruptor x13  
  153  18:48  Infestor x3  
  183  18:52  Infestor  
  179  18:56  Drone x2  
  179  19:01  Infestor x2  
  184  19:07  Infestor  
  184  19:21  Infestor  
  184  19:23  Overlord x2  
  186  19:40  Zerg Ground Armor Level 3  
  148  20:01  Corruptor x8  
  152  20:13  Infestor x5  
  154  20:35  Corruptor x5  
  154  20:43  Infestor x3  
  154  20:46  Corruptor  
  162  20:59  Viper x3  
  171  21:06  Corruptor  
  171  21:07  Corruptor x2  
  177  21:14  Infestor  
  177  21:16  Drone x2  
  177  21:17  Drone  
  182  21:20  Drone x2  
  184  21:36  Hatchery  
  179  21:42  Corruptor x5  
  185  21:58  Zergling x24  
  185  21:59  Zergling x2  
  198  22:03  Zerg Melee Weapons Level 2  
  198  22:12  Overseer  
  198  22:17  Greater Spire  
  198  22:32  Overseer x2  
  198  22:34  Drone x3  
  195  22:40  Corruptor  
  195  22:41  Corruptor  
  198  23:06  Zergling x4  
  198  23:12  Overseer  
  200  23:19  Extractor  
  198  23:21  Extractor  
  196  23:40  Hatchery  
  195  23:46  Brood Lord x2  
  199  24:19  Spore Crawler x2  
  199  24:20  Spore Crawler  
  199  24:22  Spore Crawler x2  
  199  24:24  Brood Lord x4  
  198  24:30  Brood Lord x2  
  199  24:56  Spore Crawler  
Tags
 
Add a new tag
Caveats
  • Supply blocks, unpowered buildings, or Contaminate may cause inaccurate times.
  • Supply counts are checked every 10 seconds.